 Dungeon Crawl Stone Soup version 0.31.0-11-ge490571c62 (webtiles) character file.

Game seed: 15924115689068714953

51 qw the Ducker (level 3, -3/18 HPs)
             Began as a Spriggan Hunter on Feb 4, 2024.
             Slain by Terence
             ... wielding a +0 hand axe
              (6 damage)
             ... on level 2 of the Dungeon.
             The game lasted 00:00:06 (1232 turns).

qw the Ducker (Spriggan Hunter)                     Turns: 1232, Time: 00:00:06

Health: -3/18      AC:  2    Str:  6 (7)  XL:     3   Next: 58%
Magic:  4/4        EV: 20    Int:  7 (10) God:
Gold:   71         SH:  0    Dex: 23 (26) Spells: 2/2 levels left

rFire   . . .        a - +0 shortbow
rCold   . . .        (shield currently unavailable)
rNeg    . . .        c - +0 robe
rPois   .            (helmet restricted)
rElec   .            (no cloak)
rCorr   .            (gloves unavailable)
SInv    +            (boots unavailable)
Will    .....        (no amulet)
Stlth   ++           e - +6 ring of dexterity
HPRegen 0.23/turn    (no ring)
MPRegen 0.09/turn

%: no passive effects
@: very quick
A: very small, no large weapons, unfitting armour, see invisible, speed 3
a: no special abilities


You were on level 2 of the Dungeon.
You visited 1 branch of the dungeon, and saw 2 of its levels.

You collected 71 gold pieces.


Innate Abilities, Weirdness & Mutations

You are very small and have problems with some larger weapons.
You are too small for most types of armour.
You have supernaturally acute eyesight. (SInv)
You cover ground extremely quickly. (Speed+++)


   Skills:
 - Level 1.5 Fighting
 - Level 4.4 Ranged Weapons
 + Level 4.6 Dodging
 - Level 1.5 Stealth


You had 2 spell levels left.
You didn't know any spells.
Your spell library was empty.

Inventory:

Hand Weapons
 a - a +0 shortbow (weapon)
Armour
 c - a +0 robe (worn)
Jewellery
 e - a +6 ring of dexterity (left hand)
Scrolls
 f - a scroll of revelation {unknown}
 g - a scroll of fog {unknown}
Potions
 b - a potion of heal wounds {unknown}
 d - a potion of enlightenment {unknown}
 h - a potion of ambrosia {unknown}

Dungeon Overview and Level Annotations

Branches:
Dungeon (2/15)

Altars:

Annotations:
D:2 Terence


Message History

You shoot an arrow. The arrow hits the hobgoblin!
You kill the hobgoblin!
There is an open door here.
You see here 3 boomerangs.
You open the door.
There is an open door here.
You shoot an arrow. The arrow barely misses Terence.
You shoot an arrow. The arrow barely misses Terence.
You shoot an arrow. The arrow hits Terence.
Terence is lightly wounded.
You shoot an arrow.
The arrow hits Terence but does no damage.
Terence is lightly wounded.
You shoot an arrow.
The arrow hits Terence but does no damage.
Terence is lightly wounded.
You shoot an arrow. The arrow hits Terence.
Terence is moderately wounded.
Terence completely misses you. Terence closely misses you.
You shoot an arrow. The arrow closely misses Terence.
Terence closely misses you.
You shoot an arrow. The arrow closely misses Terence.
Terence hits you with a +0 hand axe.
You shoot an arrow.
The arrow hits Terence but does no damage.
Terence is moderately wounded.
Terence barely misses you.
You shoot an arrow. The arrow hits Terence!
Terence is severely wounded.
Terence hits you with a +0 hand axe!
You shoot an arrow. The arrow closely misses Terence.
Terence hits you with a +0 hand axe.
You shoot an arrow.
The arrow hits Terence but does no damage.
Terence is severely wounded.
Terence misses you.
Terence shouts, "ATTACK!!!"
Terence hits you with a +0 hand axe.
You die...
Terence says, "That felt goooood."

.# #.......#####.#..# #.#.# .#
#.......##....#..# #.#.# .#
#.......##.####..# #.#.# .#
###.......##.# #..# #.#.# ##
#........###.# #..# #.#.# #
#........# #.# #..# ###.#.# #
#........# #.# #..###...#.#
####........###.####........#.#
............'...@@.......>..#.#
####........###.#.#######.#.#.#
# #........# #.#.#######.#.#.#
# #........# #.#.........#.#.#
# #........# #.#######%.##.#.#
####........# #.# #..##.#.#
...########## #.# ...###.#.#
...###### #.# .##.# .#.#
...'....# ### # #.# #.#


You could see Terence.

Vanquished Creatures
  2 adders (D:2)
  3 bats
  6 endoplasms
  A giant cockroach (D:1)
  3 goblins
  2 hobgoblins (D:2)
  5 kobolds
  2 quokkas
  3 ball pythons
  A frilled lizard (D:2)
28 creatures vanquished.

Notes
Turn   | Place    | Note
-------+----------+-------------------------------------------
     0 | D:1      | qw the Spriggan Hunter began the quest for the Orb.
     0 | D:1      | Reached XP level 1. HP: 10/10 MP: 2/2
     0 | D:1      | 0 ||| qw: Version: 0.3-a-160-g6735b56
     0 | D:1      | 0 ||| qw: Game counter: 6034
     0 | D:1      | 0 ||| qw: Melee chars always use a shield: true
     0 | D:1      | 0 ||| qw: God list: Okawaru
     0 | D:1      | 0 ||| qw: Allow faded altars: false
     0 | D:1      | 0 ||| qw: Do Orc after clearing Dungeon:15 true
     0 | D:1      | 0 ||| qw: Do second Lair branch before Depths: true
     0 | D:1      | 0 ||| qw: Lair rune preference: random
     0 | D:1      | 0 ||| qw: Goals: Normal
     0 | D:1      | 0 ||| PLANNING D:1-11
    19 | D:1      | Reached skill level 3 in Dodging
    50 | D:1      | Found a faded altar of an unknown god.
    80 | D:1      | Reached XP level 2. HP: 10/14 MP: 3/3
   610 | D:1      | 610 ||| UPGRADING to +6 ring of dexterity.
   611 | D:1      | 611 ||| READING 2 scrolls labelled ODOAFATOTH.
   616 | D:1      | 616 ||| READING scroll labelled PANELU WYMIF NUPH.
   617 | D:1      | 617 ||| DRINKING 2 sedimented emerald potions.
   618 | D:1      | 618 ||| DROPPING scroll of butterflies.
   619 | D:1      | 619 ||| DROPPING potion of degeneration.
   682 | D:2      | Reached XP level 3. HP: 17/18 MP: 4/4
   742 | D:2      | Noticed Terence
   749 | D:2      | HP: 2/18 [Terence/+0 hand axe (7)]
   750 | D:2      | 750 ||| READING scroll of teleportation.
  1114 | D:2      | Identified the +7 rapier "Simp" {drain, Dex+4}
  1231 | D:2      | HP: 3/18 [Terence/+0 hand axe (5)]
  1232 | D:2      | Slain by Terence

Levels and vault maps discovered:
D:1:      spicycebolla_arrival_xxxplode, layout_basic,
          shapermc_ecumenical_altar_acropolis
D:2:      layout_basic, kennysheep_generic_room_10, uniq_terence

Skill      XL: |  1  2 |
---------------+-------+-----
Dodging        | 3 4 |  4.6
Fighting       | |  1.5
Ranged Weapons | |  4.4
Stealth        | |  1.5

Action                     || total
---------------------------++-------
   Fire: Shortbow          ||   110
    Use: Scroll            ||     3
         Potion            ||     1
 Armour: Robe              ||    14
  Dodge: Dodged            ||    39

Table legend:
 A = Non-vault XP
 B = Vault XP
 C = Vault XP percentage of total XP
 D = Non-vault monster count
 E = Vault monster count
 F = Vault count percentage of total count
                 A         B        C        D         E       F
            +---------+---------+-------+---------+---------+-------
      Total |      74 |       0 |   0.0 |      28 |       0 |   0.0
            +---------+---------+-------+---------+---------+-------
        D:1 |      32 |       0 |   0.0 |      17 |       0 |   0.0
        D:2 |      42 |       0 |   0.0 |      11 |       0 |   0.0
            +---------+---------+-------+---------+---------+-------
